Map: Oceanborn LE

Players

vibuHeart

  • Race: Zerg Zerg
  • League: Diamond
  • Spawn Location: 5:00

Jpus

  • Race: Zerg Zerg
  • Spawn Location: 11:00

flyrevciozz

  • Race: Zerg Zerg

CBTHland

  • Race: Zerg Zerg

VOD

Have the link to the VOD?

Description

Time

  • Played on: Jan. 22, 2025, 9:02 a.m.
  • Length: 7:25
Show
View Real Time Build Order
Export as new Build Order

vibuHeart Zerg 

Build Orders: Pool First, Zergling Baneling 

Get SALT Encoding   

  12  0:00  Drone  
  13  0:12  Overlord  
  13  0:21  Drone  
  14  0:31  Drone x2  
  16  0:41  Spawning Pool  
  15  0:45  Drone  
  15  0:49  Extractor  
  15  0:53  Drone  
  15  0:56  Drone  
  17  1:08  Drone  
  18  1:18  Hatchery  
  17  1:29  Queen  
  19  1:34  Drone  
  20  1:58  Zergling x4  
  20  2:00  Metabolic Boost  
  22  2:15  Overlord  
  22  2:34  Baneling Nest  
  21  2:37  Zergling x14  
  21  2:41  Queen  
  30  2:46  Zergling x2  
  29  2:54  Zergling x2  
  29  2:55  Zergling x2  
  31  3:05  Drone x2  
  33  3:17  Zergling x2  
  33  3:18  Zergling x2, Baneling x2  
  35  3:21  Baneling  
  35  3:24  Zergling x6  
  36  3:30  Baneling x2  
  36  3:36  Overlord  
  29  3:53  Zergling x12  
  34  3:58  Zergling x2  
  33  4:07  Zergling x2  
  33  4:08  Zergling x2  
  33  4:14  Zergling x2  
  33  4:15  Baneling x4  
  33  4:16  Baneling x3  
  34  4:28  Zergling x6  
  34  4:30  Zergling x2  
  29  4:48  Zergling x6  
  29  4:52  Zergling x2  
  32  4:56  Baneling x5  
  31  5:02  Zergling x2  
  31  5:05  Baneling  
  23  5:35  Spine Crawler, Drone x6  
  22  5:36  Drone x2  
  25  5:46  Zergling x2  
  25  5:47  Zergling x2  
  25  5:58  Drone x2  
  27  6:06  Roach Warren  
  26  6:21  Drone x6  
  32  6:27  Baneling x2  
  32  6:34  Spine Crawler  
  32  6:35  Extractor  
  30  6:46  Zergling x2  
  29  6:47  Zergling x2  
Show
View Real Time Build Order
Export as new Build Order

Jpus Zerg 

Build Orders: Pool First, Zergling Baneling 

Get SALT Encoding   

  12  0:01  Drone  
  13  0:14  Overlord  
  13  0:17  Drone  
  14  0:32  Drone x2  
  16  0:42  Spawning Pool  
  15  0:43  Extractor  
  15  0:47  Drone  
  15  0:52  Drone  
  16  0:59  Drone  
  17  1:18  Hatchery  
  17  1:21  Drone  
  17  1:35  Queen  
  19  1:46  Metabolic Boost  
  19  1:53  Drone  
  20  1:55  Zergling x2  
  20  1:56  Drone  
  22  2:04  Overlord  
  22  2:17  Baneling Nest  
  22  2:19  Zergling x2  
  22  2:26  Zergling x2  
  23  2:31  Zergling x2  
  23  2:33  Queen  
  26  2:39  Zergling x2  
  27  2:44  Zergling x2  
  27  2:45  Zergling x2  
  27  2:46  Zergling x2  
  29  2:53  Zergling x4  
  29  2:56  Zergling x2  
  31  3:01  Zergling x2  
  31  3:03  Zergling x2  
  33  3:09  Baneling x2  
  33  3:10  Baneling x2  
  33  3:13  Drone  
  33  3:17  Zergling x2  
  34  3:30  Baneling x3  
  34  3:33  Drone x2  
  35  3:47  Zergling x4  
  34  3:54  Zergling x2  
  34  3:55  Zergling x4  
  35  4:06  Zergling x2  
  35  4:08  Zergling x2  
  35  4:10  Overlord  
  35  4:16  Baneling  
  35  4:17  Baneling x3  
  35  4:23  Baneling x2  
  35  4:32  Spine Crawler  
  35  4:36  Baneling  
  35  4:37  Baneling  
  29  4:47  Zergling x4  
  29  4:59  Baneling  
  28  5:00  Baneling  
  28  5:01  Zergling x8  
  28  5:02  Drone  
  28  5:03  Drone  
  28  5:06  Baneling  
  34  5:09  Zergling x4  
  34  5:10  Zergling x4  
  37  5:20  Zergling x2  
  35  5:30  Drone  
  35  5:31  Drone  
  35  5:34  Spine Crawler  
  35  5:38  Zergling x4  
  35  5:39  Zergling x6  
  35  5:42  Drone x3  
  36  5:55  Zergling x6  
  38  6:03  Overlord, Drone  
  39  6:06  Drone x2  
  39  6:08  Extractor, Overlord  
  39  6:11  Baneling x6  
  40  6:12  Baneling  
  40  6:18  Zergling x4  
  42  6:24  Baneling x2  
  42  6:36  Drone x4  
  41  6:48  Drone x5  
  41  6:53  Zergling x2  
  46  7:02  Zergling x2  
  46  7:04  Zergling x2  
  46  7:06  Baneling x4  
Show
View Real Time Build Order
Export as new Build Order

flyrevciozz Zerg 

Build Orders:  

Get SALT Encoding   

Show
View Real Time Build Order
Export as new Build Order

CBTHland Zerg 

Build Orders:  

Get SALT Encoding   

Tags
 
Add a new tag
Caveats
  • Supply blocks, unpowered buildings, or Contaminate may cause inaccurate times.
  • Supply counts are checked every 10 seconds.